AoeStats
← MONSTAR36

Black Forest

508909070Analyzed
4v4 RM · 7d ago on Sep 24, 2026· 53m 30s· 8 players
Game mode
Random Map
Map size
Large (8 player)
Population
200
Speed
Normal
Resources
Standard
Victory
Conquest
Starting age
Dark Age
Ending age
Imperial Age
RankedLock teamsTeams togetherTeam positionsShared explorationLock speedFull tech treeHidden civsTurbo modeCheats
Victory
Defeat
🇪🇸 Goths · Spain
658
+20
🇮🇹 Danes · Italy
632
+21
🇲🇦 Bohemians · Morocco
628
+21
🇺🇸 Saxons · United States
592
+22
🇮🇳 Lithuanians · India
758
-23
🇨🇴 Turks · Colombia
750
-21
🇩🇪 Romans · Germany
744
-21
🇺🇸 Goths · United States
693
-19
Freiya
6:00 Loom
12:15 Feudal Age
13:25 Double-Bit Axe
13:23 Horse Collar
15:40 Wheelbarrow
18:51 Castle Age
17:00 Stone Mining
17:07 Gold Mining
21:07 Hand Cart
21:12 Heavy Plow
21:24 Bow Saw
26:36 Caravan
28:52 Fletching
29:13 Forging
29:03 Scale Mail Armor
29:54 Bodkin Arrow
31:35 Iron Casting
35:29 Imperial Age
34:30 Chain Mail Armor
35:15 Murder Holes
36:48 Ballistics
36:39 Masonry
40:21 Elite Jomsviking
43:06 Hoardings
42:51 Conscription
44:29 Town Watch
45:19 Town Patrol
45:51 Plate Mail Armor
46:21 Blast Furnace
45:21 Bracer
46:04 Gold Shaft Mining
47:22 Hoardings
46:13 Hamask
46:44 Northmen's Fury
Kraken
0:50 Loom
14:45 Feudal Age
20:29 Castle Age
19:03 Stone Mining
19:05 Gold Mining
19:17 Horse Collar
19:47 Double-Bit Axe
21:54 Caravan
22:07 Bow Saw
21:57 Heavy Plow
23:46 Wheelbarrow
26:50 Hand Cart
34:59 Imperial Age
33:00 Forging
32:51 Scale Mail Armor
32:53 Squires
32:14 Pikeman
38:30 Perfusion
38:31 Anarchy
37:52 Elite Huskarl
38:52 Conscription
39:34 Two-Man Saw
39:42 Crop Rotation
39:16 Murder Holes
39:01 Treadmill Crane
39:36 Masonry
40:28 Chemistry
39:43 Guilds
39:30 Town Watch
40:24 Iron Casting
40:05 Chain Mail Armor
44:07 Heavy Scorpion
Inspector_Choi
11:25 Feudal Age
12:22 Double-Bit Axe
12:19 Horse Collar
20:09 Castle Age
20:09 Gold Mining
21:46 Bow Saw
21:46 Caravan
23:34 Squires
24:06 Fishing Lines
26:50 Wheelbarrow
31:22 Hand Cart
34:18 Imperial Age
32:02 Stone Mining
32:42 Husbandry
32:05 Light Cavalry
32:58 Heavy Plow
33:38 Fortified Wall
33:39 Scale Mail Armor
34:20 Gillnets
34:53 Shield Wall
35:55 Conscription
36:02 Conscription
36:38 Bloodlines
36:52 Hussar
39:03 Arson
39:04 Gambesons
39:33 Forging
39:39 Chain Mail Armor
40:32 Elite Varangian Guard
43:09 Plate Mail Armor
42:51 Scale Barding Armor
46:44 Elite Hearth Troop
48:05 Iron Casting
47:51 Chain Barding Armor
49:19 Cavalier
MONSTAR36
0:34 Loom
13:35 Feudal Age
14:02 Double-Bit Axe
14:06 Horse Collar
19:07 Wheelbarrow
23:57 Castle Age
24:29 Forging
24:19 Scale Mail Armor
25:17 Pikeman
28:55 Heavy Plow
29:25 Bow Saw
33:47 Iron Casting
34:41 Hand Cart
35:17 Squires
38:05 Chemistry
37:20 Town Watch
40:14 Imperial Age
40:37 Caravan
40:44 Town Patrol
41:11 Wagenburg Tactics
41:32 Conscription
40:36 Halberdier
43:10 Two-Man Saw
42:47 Chain Mail Armor
43:32 Blast Furnace
42:42 Siege Engineers
43:22 Hussite Reforms
43:39 Redemption
43:43 Fervor
44:19 Theocracy
44:11 Illumination
46:33 Houfnice
49:56 Elite Hussite Wagon
52:16 Plate Mail Armor
52:14 Murder Holes
52:29 Masonry
52:43 Bombard Tower
densch
0:35 Loom
11:58 Feudal Age
18:36 Castle Age
16:50 Horse Collar
18:15 Double-Bit Axe
24:40 Heavy Plow
25:19 Fletching
25:47 Gold Mining
25:46 Town Watch
28:12 Bodkin Arrow
28:57 Ballistics
30:07 Bow Saw
29:57 Stone Mining
33:05 Wheelbarrow
33:10 Masonry
33:12 Fortified Wall
34:31 Ballistas
38:29 Imperial Age
36:30 Murder Holes
37:20 Town Patrol
37:39 Hand Cart
37:29 Squires
36:52 Pikeman
37:45 Forging
37:36 Scale Mail Armor
38:02 Caravan
40:19 Chemistry
43:13 Heavy Scorpion
Sweet Lady
1:21 Loom
13:50 Feudal Age
19:39 Castle Age
26:36 Gold Mining
30:18 Imperial Age
27:49 Stone Mining
31:09 Wheelbarrow
31:13 Man-at-Arms
32:03 Double-Bit Axe
33:12 Anarchy
33:33 Conscription
35:18 Horse Collar
35:31 Long Swordsman
37:29 Stone Shaft Mining
37:33 Bow Saw
38:26 Hand Cart
38:11 Two-Handed Swordsman
40:52 Champion
41:45 Heavy Plow
45:01 Forging
44:53 Scale Mail Armor
45:28 Perfusion
Mathias1493
14:05 Feudal Age
16:37 Wheelbarrow
15:55 Gold Mining
15:52 Horse Collar
16:00 Double-Bit Axe
20:02 Fletching
20:24 Forging
20:10 Stone Mining
21:31 Fishing Lines
22:42 Padded Archer Armor
25:03 Castle Age
25:44 Castle Age
25:02 Scale Mail Armor
25:07 Scale Barding Armor
28:39 Bow Saw
29:10 Caravan
29:53 Hand Cart
35:06 Imperial Age
33:56 Gold Shaft Mining
33:36 Heavy Plow
35:15 Chain Mail Armor
38:44 Artillery
39:41 Elite Janissary
45:48 Plate Mail Armor
45:14 Bodkin Arrow
45:55 Iron Casting
48:43 Heavy Camel Rider
52:26 Bloodlines
52:17 Husbandry
huntsman112
13:40 Feudal Age
16:45 Double-Bit Axe
21:43 Castle Age
19:51 Horse Collar
27:01 Bow Saw
26:44 Gold Mining
28:17 Scale Barding Armor
30:00 Wheelbarrow
29:11 Town Watch
32:27 Husbandry
32:37 Bloodlines
37:18 Imperial Age
36:41 Stone Mining
40:27 Hand Cart
41:38 Cavalier
45:05 Stone Shaft Mining
45:02 Paladin
46:29 Elite Leitis
Connection lost

Rejoining the realm…

Still unreachable

The connection could not be restored.

Session expired

The server has moved on; the page needs a fresh start.